 Dungeon Crawl Stone Soup version 0.17-a0-1504-gb7d9117 (webtiles) character file.

119 Kisielow the Chopper (level 5, -3/46 HPs)
             Began as a Hill Orc Fighter on July 9, 2015.
             Killed by divine providence
             ... invoked by an orc priest
              (11 damage)
             ... on level 3 of the Dungeon.
             The game lasted 00:05:40 (2083 turns).

Kisielow the Chopper (Hill Orc Fighter)             Turns: 2083, Time: 00:05:40

Health: -3/46      AC:  7    Str: 20    XL:     5   Next: 3%
Magic:  5/5        EV:  7    Int:  8    God:
Gold:   176        SH:  9    Dex: 10    Spells: 0 memorised, 4 levels left

rFire  . . .     SeeInvis .     a - +0 war axe
rCold  . . .     Clarity  .     b - +0 scale mail
rNeg   . . .     SustAt   .     c - +0 shield
rPois  .         Gourm    .     (no helmet)
rElec  .         Spirit   .     (no cloak)
rCorr  .         Warding  .     (no gloves)
rMut   .         Stasis   .     (no boots)
MR     .....                    (no amulet)
Stlth  ..........               (no ring)
                                (no ring)

@: not resistant to hostile enchantments, extremely unstealthy
A: no striking features
a: Convert to Beogh


You were on level 3 of the Dungeon.
You were not hungry.

You visited 1 branch of the dungeon, and saw 3 of its levels.

You collected 176 gold pieces.

Inventory:

Hand weapons
 a - a +0 war axe (weapon)
Armour
 b - a +0 scale mail (worn)
 c - a +0 shield (worn)
Scrolls
 f - 2 scrolls of identify {unknown}
 i - 2 scrolls of noise {unknown}
 j - 2 scrolls of magic mapping {unknown}
 k - 2 scrolls of remove curse {unknown}
 l - a scroll of enchant weapon {unknown}
 n - a scroll of blinking {unknown}
Potions
 d - a potion of might
 h - 2 potions of curing {unknown}
 o - 2 potions of agility {unknown}
 p - a potion of mutation {unknown}
Comestibles
 e - a bread ration
 g - 3 beef jerkies
 m - 2 fruits
 q - 5 chunks of flesh
 r - a meat ration


   Skills:
 + Level 4.0 Fighting
 + Level 5.6 Axes
 + Level 3.8 Armour
 + Level 3.5 Shields


You had 4 spell levels left.
You didn't know any spells.

Dungeon Overview and Level Annotations

Branches:
Dungeon (3/15)

Altars:
Elyvilon
Sif Muna


Message History

You barely miss the orc.
The orc priest shouts, "Surrender to Beogh and we'll let you live!"
You hit the hobgoblin.
The hobgoblin is lightly wounded.
Your shield and scale mail prevent you from hitting the orc.
The orc is severely wounded.
The orc hits you but does no damage. The hobgoblin hits you.
* * * LOW HITPOINT WARNING * * *
The orc hits you but does no damage. The orc hits you.
* * * LOW HITPOINT WARNING * * *
You hit the orc but do no damage. You closely miss the orc.
The orc is severely wounded.
You slash the hobgoblin!
You kill the hobgoblin!
The orc wizard gestures wildly while chanting.
The orc wizard blinks!
The orc closely misses you. The orc hits you but does no damage.
The orc priest calls down the wrath of Beogh upon you.
Something smites you!
You die...

#### .# ...##.##
#.ยง. ........ ##...
#........ #...#
......... #...
......... #...
)........ #>o#
.###...# # #oo#
.......#.#.#.###@#
.....#.....#.....###
...................##
...##.#.....####....#
......#
....###....####
####### #..........#
##..........# #
####...........# #
#####..............#


You could see an orc priest and 2 orcs.

Vanquished Creatures
  An orc wizard (D:3)
  5 adders
  3 giant geckos
  5 orcs (D:3)
  6 bats
  8 goblins
  4 hobgoblins
  A kobold (D:1)
  A quokka (D:3)
  2 giant cockroaches
  2 giant newts
  3 jackals (D:1)
  4 rats
45 creatures vanquished.

Notes
Turn   | Place    | Note
--------------------------------------------------------------
     0 | D:1      | Kisielow the Hill Orc Fighter began the quest for the Orb.
     0 | D:1      | Reached XP level 1. HP: 19/19 MP: 1/1
   101 | D:1      | Reached XP level 2. HP: 24/26 MP: 2/2
   301 | D:1      | Reached skill level 4 in Axes
   685 | D:2      | Reached XP level 3. HP: 29/31 MP: 3/3
   801 | D:2      | Reached skill level 5 in Axes
  1157 | D:2      | Reached XP level 4. HP: 31/40 MP: 4/4
  1406 | D:2      | Found a deep blue altar of Sif Muna.
  1889 | D:3      | Found a white marble altar of Elyvilon.
  1947 | D:3      | Reached XP level 5. HP: 40/46 MP: 5/5
  2083 | D:3      | Killed from afar by an orc priest

Vault maps used:
D:1:      dpeg_arrival_erosion
D:2:      lemuel_blue_sif_altar
D:3:      serial_curves, eino_curves_03, eino_curves_02, hangedman_decor_lopped,
          elyvilon_altar_4

Action                   |  1- 3 |  4- 6 || total
-------------------------+-------+-------++-------
Melee: War axe           |    85 |    61 ||   146
  Eat: Chunk             |       |     4 ||     4
